 Dungeon Crawl Stone Soup version 0.29-a0-757-g358383bc75 (webtiles) character file.

Game seed: 12726470231530075217

11440 zeratav the Grappler (level 10, -6/99 (104) HPs)
             Began as a Troll Fighter on June 30, 2022.
             Was a Priest of Ru.
             Killed from afar by Frances (38 damage)
             ... with an iron shot
             ... on level 12 of the Dungeon.
             The game lasted 00:22:35 (12448 turns).

zeratav the Grappler (Troll Fighter)               Turns: 12448, Time: 00:22:35

HP:   -6/99 (104)   AC:  9    Str: 30    XL:     10   Next: 49%
MP:   9/9           EV:  8    Int:  4    God:    Ru [***...]
Gold: 60            SH: 11    Dex:  9    Spells: 9/9 levels left

rFire   + + +      SeeInvis +     - Unarmed
rCold   + + .      Faith    .   P - +2 shield of Resistance {rF++ rC++ Will++}
rNeg    . . .      Spirit   .   L - +0 acid dragon scales
rPois   .          Reflect  .   (helmet restricted)
rElec   .          Harm     .   E - +0 cloak
rCorr   +          Rampage  .   (gloves unavailable)
Will    ++...                   (boots unavailable)
Stlth   +.........              G - amulet of regeneration {@e2}
HPRegen 1.86/turn               e - ring of protection from fire
MPRegen 0.11/turn               A - ring of see invisible

@: mighty, exhausted, lightly drained
A: large, unfitting armour, claws 3, regeneration 1, shaggy fur 1, tough skin 1,
hated by all, inexperienced 1
a: Renounce Religion, Draw Out Power


You were on level 12 of the Dungeon.
You worshipped Ru.
Ru was most pleased with you.
You visited 2 branches of the dungeon, and saw 13 of its levels.

You collected 828 gold pieces.
You spent 768 gold pieces at shops.


Innate Abilities, Weirdness & Mutations

You are too large for most types of armour.
You have claws for hands.
Your natural rate of healing is unusually fast.
You are covered in fur. (AC +1)
You have tough skin. (AC +1)
You are hated by all.
You are somewhat inexperienced. (-1 XL)


   Skills:
 + Level 8.3 Fighting
 + Level 7.7 Throwing
 - Level 2.4 Dodging
 + Level 9.0 Shields
 + Level 10.0 Unarmed Combat


You had 9 spell levels left.
You didn't know any spells.
Your spell library contained the following spells:

 Spells                   Type           Power      Damage    Failure   Level
 Beastly Appendage        Tmut           0%         N/A       80%         1
 Shock                    Conj/Air       0%         1d3       80%         1
 Wereblood                Tmut           0%         N/A       90%         2
 Confusing Touch          Hex            0%         N/A       99%         3
 Ozocubu's Armour         Ice            0%         N/A       99%         3
 Spider Form              Tmut/Pois      0%         N/A       99%         3
 Stone Arrow              Conj/Erth      0%         3d7       99%         3
 Swiftness                Air            0%         N/A       99%         3
 Airstrike                Air            0%         N/A       100%        4
 Metabolic Englaciation   Hex/Ice        0%         N/A       100%        5
 Yara's Violent Unravell  Hex/Tmut       0%         3d3       100%        5
 Enfeeble                 Hex            0%         N/A       100%        7
 Lehudib's Crystal Spear  Conj/Erth      0%         10d2      100%        8
 Animate Armour           Summ/Erth      Unusable   N/A       N/A         4
 Simulacrum               Ice/Necr       Unusable   N/A       N/A         6

Inventory:

Missiles
 o - 4 javelins {throwing}
 s - 11 boomerangs (quivered) {throwing}
 J - 2 boomerangs of dispersal {=fthrowing}
 M - 5 curare-tipped darts {=fthrowing}
 O - 7 large rocks {=fthrowing}
Armour
 E - a +0 cloak (worn)
   (You found it on level 7 of the Dungeon)
 I - a +0 troll leather armour
   (You found it on level 11 of the Dungeon)
 L - +0 acid dragon scales (worn)
   (You found it on level 10 of the Dungeon)
 P - the +2 shield of Resistance (worn) {rF++ rC++ Will++}
   (You bought it in a shop on level 1 of the Dungeon)

   rF:        It greatly protects you from fire.
   rC:        It greatly protects you from cold.
   Will:      It greatly increases your willpower.
Jewellery
 e - a ring of protection from fire (left claw)
   (You found it on level 5 of the Dungeon)
 l - a ring of wizardry
   (You found it on level 2 of the Dungeon)
 w - an amulet of the acrobat
   (You found it on level 4 of the Dungeon)
 A - a ring of see invisible (right claw)
   (You found it on level 11 of the Dungeon)
 G - an amulet of regeneration (around neck) {@e2}
   (You found it on level 8 of the Dungeon)
Wands
 q - a wand of flame (22)
   (You took it off a goblin on level 3 of the Dungeon)
 y - a wand of digging (8)
   (You took it off Ijyb on level 4 of the Dungeon)
 F - a wand of mindburst (12)
   (You found it on level 7 of the Dungeon)
 N - a wand of quicksilver (4)
   (You found it on level 10 of the Dungeon)
Scrolls
 f - 2 scrolls of poison {!r}
 g - 5 scrolls of blinking {!r}
 i - 6 scrolls of teleportation {@r4}
 k - 3 scrolls of enchant weapon
 n - 2 scrolls of silence {!r}
 p - a scroll of immolation {!r!r}
 r - 8 scrolls of amnesia
 u - 3 scrolls of torment {!r}
 x - 2 scrolls of fog {unknown}
 z - 2 scrolls of enchant armour
 C - a scroll of vulnerability {unknown}
 D - a scroll of acquirement {unknown}
 K - a scroll of magic mapping {unknown}
Potions
 a - a potion of cancellation {unknown}
 b - 3 potions of haste {unknown}
 c - 2 potions of might
 d - 2 potions of resistance
 h - 5 potions of flight
 j - a potion of invisibility
 m - a potion of mutation {unknown}
 t - a potion of berserk rage {unknown}
 v - 6 potions of curing {@q1}
 B - 2 potions of lignification {!q}
 H - a potion of magic {unknown}
 Q - a potion of heal wounds {unknown}

Dungeon Overview and Level Annotations

Branches:
Dungeon (12/15) Zot: 26886  Temple (1/1) D:7 Zot: 5816    Lair (0/6) D:9
    Orc: D:9-12

Altars:
Ashenzari
Cheibriados
Dithmenos
Elyvilon
Fedhas
Gozag
Hepliaklqana
Kikubaaqudgha
Makhleb
Nemelex Xobeh
Okawaru
Qazlal
Ru
Sif Muna
Trog
Uskayaw
Vehumet
Wu Jian
Xom
Yredelemnul
Zin
The Shining One

Shops:
D:1 *[:([   D:6 *   D:8 (

Annotations:
D:12 Frances

#))...# #..#..#
#..##.# #..#..#
#..##.####.....#
#..##..........#
#..##.####..#..#
. #..##.#
#..#..# ...
###..##.#
#..#..###....
..)..##.#
#..#....>....
.))..##.#
#..#.@.......
##...##.#
#..#.4@......
#...##.#
#..#.........
#...##.#
#.......##
#...##.#
#.......#
#...##.#
#.......#
#...##.#
#...)...#
#...##.#
#.......# #.#


You could see Frances (fast) and an ice devil (summoned).


Message History

You barely miss the centaur. The centaur closely misses you.
You block the centaur's attack.
The centaur hits you but does no damage.
The centaur kicks you but does no damage.
HP[+2]
You regained 2 hp, and now have 91/104 hp.
You mangle the centaur!!
You kill the centaur!
HP[+2]
You regained 2 hp, and now have 93/104 hp.
No target in view!
No target in view!
No target in view!
No target in view!
No target in view!
No target in view!
No target in view!
No target in view!
No target in view!
No target in view!
No target in view!
No target in view!
No target in view!
No target in view!
No target in view!
No target in view!
Things that are here:
a +0 shortbow {bow}; a centaur corpse; HP[+11]
Your hp is fully restored (104).
You see here a +0 shortbow {bow}.
Frances, Duchess of Pandemonium comes into view.
She is wielding a +0 vorpal scimitar.
Frances shouts!
Frances says, "I command an army of devils.
What do you command?"
Found an escape hatch in the floor.
Frances whispers indecipherable words.
The iron shot hits you!!
You focus your inner power and slow Frances in retribution!
HP[-32]
You take 32 damage, and now have 72/104 hp.
MASSIVE DAMAGE!! (PAUSE) HP[+2]
You regained 2 hp, and now have 74/104 hp.
Frances hits you with a +0 vorpal scimitar!
HP[-20]
You take 20 damage, and now have 54/104 hp.
You scratch Frances.
Frances says, "I value strength and power.
I see none of this in you."
Frances hits you with a +0 vorpal scimitar!
* * * LOW HITPOINT WARNING * * *
x2 HP[-17]
You take 17 damage, and now have 37/104 hp.
You are too injured to fight recklessly!
Blink to where?
Press: ? - help, Q - select action, (/) - cycle Dir - move target, f - you
Okay, then.
Okay, then.
You are restored by drawing out deep reserves of power within.
You feel drained.
Frances is no longer moving slowly.
HP[+19]
You now have 99 max hp (-5).
You regained 19 hp, and now have 56/99 hp.
You mangle Frances!!
Frances hits you with a +0 vorpal scimitar!
* * * LOW HITPOINT WARNING * * *
x2 HP[-10]
You take 10 damage, and now have 46/99 hp.
You feel very mighty all of a sudden.
Frances whispers indecipherable words.
The shard of ice misses you.
HP[+2]
You regained 2 hp, and now have 48/99 hp.
You closely miss Frances. You block Frances's attack.
HP[+1]
You closely miss Frances.
Frances chants phrases taken from a devil's mouth.
HP[+2]
You regained 2 hp, and now have 51/99 hp.
You closely miss Frances.
Frances chants phrases taken from a devil's mouth.
Frances seems to speed up.
HP[+2]
You regained 2 hp, and now have 53/99 hp.
You claw Frances! You block Frances's attack.
HP[+2]
You regained 2 hp, and now have 55/99 hp.
You mangle Frances!!
Frances hits you with a +0 vorpal scimitar.
You block Frances's attack.
HP[-4]
You take 4 damage, and now have 51/99 hp.
You mangle Frances!! The ice devil barely misses you.
Frances hits you with a +0 vorpal scimitar!!
* * * LOW HITPOINT WARNING * * *
x2 HP[-21]
You take 21 damage, and now have 30/99 hp.
MASSIVE DAMAGE!! (PAUSE)
You barely miss Frances.
Frances mutters in a terrible tongue.
The iron shot hits you!!!
You die...

Skill      XL: |  1  2  3  4  5  6  7  8  9 10 |
---------------+-------------------------------+-----
Unarmed Combat | 3 4 5 8 9 10 | 10.0
Shields        | 3 4 5 7 8 9 |  9.0
Fighting       | 3 4 5 7 8 |  8.3
Throwing       | 2 5 6 7 |  7.7
Dodging        | |  2.4

Action                   |  1- 3 |  4- 6 |  7- 9 | 10-12 || total
-------------------------+-------+-------+-------+-------++-------
Melee: Unarmed           |   118 |    76 |   588 |   106 ||   888
Throw: Boomerang         |       |       |     2 |     8 ||    10
Invok: Sacrifice Experie |       |       |     1 |       ||     1
       Draw Out Power    |       |       |       |     1 ||     1
       Sacrifice Love    |       |       |       |     1 ||     1
Evoke: Wand              |       |       |     3 |       ||     3
  Use: Scroll            |     1 |       |    14 |       ||    15
       Potion            |       |       |     3 |     1 ||     4
 Stab: Sleeping          |     1 |       |     1 |       ||     2
       Invisible         |       |       |     1 |     1 ||     2
Armor: Robe              |    33 |    13 |   160 |       ||   206
       Skin              |       |       |     3 |       ||     3
       Acid dragon scale |       |       |    12 |    45 ||    57
Dodge: Dodged            |    45 |    19 |   242 |    44 ||   350
Block: Kite shield       |    39 |    21 |   299 |    86 ||   445

Levels and vault maps discovered:
D:1:      kilobyte_arrival_exit_the_forest, layout_basic, serial_shops,
          shop_statue, nicolae_shop_crystal, nicolae_shop_window_shopping, shop,
          shop_coins
D:2:      layout_basic, basic_altar
D:3:      layout_basic, vehumet_altar_wand_db, serial_glass, glass_columns_a,
          glass_columns_a, shapermc_ecumenical_altar_hornbeckon,
          dk_noncrumbling_4, ebering_dispersal_statue_hall, uniq_sigmund
D:4:      minmay_clustersquares, layout_basic, uniq_ijyb
D:5:      layout_cave_pools
D:6:      layout_loops_corners, serial_shops, nicolae_shop_overgrown_old_shop,
          amcnicky_mini_rare_corridor_liquid, minmay_misc_feat_more_columns,
          chequers_serial_rivers_micro_c, uniq_pikel
D:7:      layout_cave_pods, kennysheep_slug_shrine,
          mainiacjoe_overflow_catch_the_wave, minmay_temple_entry_trees
D:8:      layout_cave_pods, serial_shops, nicolae_shop_stone,
          dreamdust_wishing_well, uniq_joseph
D:9:      layout_cave_pods, david_lair_generic
D:10:     layout_roguey, minivault_5, uniq_sonja
D:11:     layout_layer_cave, serial_shops, nicolae_shop_statue_plus
D:12:     layout_long_grid, orc_0_dummy, uniq_frances
Temple:   hc_temple_tempest_star

Notes
Turn   | Place    | Note
-------+----------+-------------------------------------------
     0 | D:1      | zeratav the Troll Fighter began the quest for the Orb.
     0 | D:1      | Reached XP level 1. HP: 22/22 MP: 0/0
     0 | D:1      | magus.rc [v1.9.6]
   115 | D:1      | Found Nymor's General Store.
   254 | D:1      | Found Apizueshi's Armour Boutique.
   265 | D:1      | Reached XP level 2. HP: 29/29 MP: 1/1
   321 | D:1      | Found Fim Hej's Book Shoppe.
   348 | D:1      | Found Nuuci's Weapon Shoppe.
   366 | D:1      | Reached skill level 3 in Unarmed Combat
   491 | D:1      | Found Mej Ziah's Armour Emporium.
  1027 | D:1      | Bought a scroll of identify for 22 gold pieces
  1239 | D:2      | Reached XP level 3. HP: 36/36 MP: 2/2
  1332 | D:2      | Found a hazy altar of Hepliaklqana.
  1403 | D:2      | Reached skill level 3 in Shields
  2104 | D:3      | You pick up a book of Changes and begin reading...
  2104 | D:3      | You add the spells Beastly Appendage, Wereblood and Spider
                  | Form to your library.
  2154 | D:3      | Found a radiant altar of Vehumet.
  2194 | D:3      | You pick up a book of Air and begin reading...
  2194 | D:3      | You add the spells Shock, Swiftness and Airstrike to your
                  | library.
  2247 | D:3      | Found a faded altar of an unknown god.
  2369 | D:3      | Noticed Sigmund
  2448 | D:3      | Killed Sigmund
  2449 | D:3      | Reached skill level 3 in Fighting
  2449 | D:3      | Reached skill level 4 in Unarmed Combat
  2449 | D:3      | Reached XP level 4. HP: 45/45 MP: 3/3
  2449 | D:3      | Reached XP level 5. HP: 53/53 MP: 4/4
  2930 | D:4      | Reached XP level 6. HP: 61/61 MP: 5/5
  3000 | D:4      | Reached skill level 4 in Shields
  3005 | D:4      | HP: 8/62 [gnoll/+0 halberd (11)]
  3148 | D:4      | Noticed a water moccasin
  3307 | D:4      | Reached skill level 4 in Fighting
  3366 | D:4      | Reached skill level 5 in Unarmed Combat
  3366 | D:4      | Reached XP level 7. HP: 61/70 MP: 6/6
  3568 | D:4      | Noticed Ijyb
  3579 | D:4      | Killed Ijyb
  3647 | D:4      | magus.rc [v1.9.6]
  3648 | D:4      | magus.rc [v1.9.6]
  3663 | D:4      | Reached skill level 1 in Throwing
  3897 | D:4      | HP: 12/71 [poisoned by a water moccasin]
  3899 | D:4      | HP: 2/71 [poisoned by a water moccasin]
  3904 | D:4      | HP: 8/106 [water moccasin (1)]
  3908 | D:4      | Reached skill level 5 in Shields
  4000 | D:5      | Entered Level 5 of the Dungeon
  4044 | D:4      | Reached skill level 2 in Throwing
  4124 | D:5      | Reached XP level 8. HP: 68/79 MP: 7/7
  4493 | D:5      | Reached skill level 6 in Unarmed Combat
  4608 | D:6      | Reached skill level 5 in Fighting
  4704 | D:6      | Noticed Pikel
  4727 | D:6      | Killed Pikel
  4728 | D:6      | Reached skill level 3 in Throwing
  4728 | D:6      | Reached skill level 6 in Shields
  5044 | D:6      | Found Irhihe's Assorted Antiques.
  5218 | D:1      | Bought a potion of curing for 33 gold pieces
  5623 | D:6      | Reached XP level 9. HP: 83/89 MP: 8/8
  6004 | D:7      | Reached skill level 4 in Throwing
  6041 | D:7      | Reached skill level 7 in Unarmed Combat
  6072 | D:7      | Found a staircase to the Ecumenical Temple.
  6082 | Temple   | Entered the Ecumenical Temple
  6250 | Temple   | Became a worshipper of Ru the Awakened
  6533 | D:7      | Found an ornate altar of the Wu Jian Council.
  6541 | D:7      | Found a shimmering blue altar of Sif Muna.
  6623 | D:7      | Reached skill level 6 in Fighting
  6769 | D:7      | Found a snail-covered altar of Cheibriados.
  7321 | D:8      | Found Cescheqed's Weapon Emporium.
  7342 | D:8      | Gained mutation: You are somewhat inexperienced. (-1 XL)
                  | [Ru sacrifice]
  7342 | D:8      | Reached XP level 8. HP: 83/83 MP: 7/7
  7342 | D:8      | Reached * piety under Ru
  7372 | D:8      | You pick up a book of Armaments and begin reading...
  7372 | D:8      | You add the spells Stone Arrow, Animate Armour and
                  | Lehudib's Crystal Spear to your library.
  7404 | D:8      | Noticed a two-headed ogre
  7410 | D:8      | HP: 15/83 [two-headed ogre/+0 giant club (23)]
  7412 | D:8      | Killed a two-headed ogre
  7413 | D:8      | Reached skill level 5 in Throwing
  7413 | D:8      | Reached skill level 7 in Shields
  7534 | D:8      | Noticed Joseph
  7545 | D:8      | Killed Joseph
  7546 | D:8      | Reached skill level 8 in Unarmed Combat
  7596 | D:8      | Reached XP level 9. HP: 92/92 MP: 8/8
  7629 | D:8      | You pick up a book of Winter and begin reading...
  7629 | D:8      | You add the spells Ozocubu's Armour, Metabolic Englaciation
                  | and Simulacrum to your library.
  8024 | D:8      | You fall into a shaft and drop 2 floors!
  8024 | D:10     | Entered Level 10 of the Dungeon
  8187 | D:10     | Reached skill level 7 in Fighting
  8378 | D:8      | Reached skill level 6 in Throwing
  8951 | D:9      | Found a staircase to the Lair.
  8972 | D:9      | HP: 20/93 [yak (7)]
  9051 | D:8      | Reached skill level 8 in Shields
  9525 | D:9      | You pick up a book of Misfortune and begin reading...
  9525 | D:9      | You add the spells Confusing Touch, Yara's Violent
                  | Unravelling and Enfeeble to your library.
  9570 | D:9      | Reached skill level 9 in Unarmed Combat
 10114 | D:10     | Noticed Sonja
 10117 | D:10     | Killed Sonja
 10533 | D:11     | Reached XP level 10. HP: 83/104 MP: 9/9
 10649 | D:11     | Reached skill level 7 in Throwing
 10840 | D:11     | Gained mutation: You are hated by all. [Ru sacrifice]
 10840 | D:11     | Reached ** piety under Ru
 10840 | D:11     | Reached *** piety under Ru
 10847 | D:11     | Reached skill level 8 in Fighting
 10968 | D:11     | Noticed a six-headed hydra
 10978 | D:11     | Killed a six-headed hydra
 11115 | D:11     | Noticed a cyan ugly thing
 11133 | D:11     | Killed a cyan ugly thing
 11134 | D:11     | HP: 26/104 [cyclops (9)]
 11391 | D:1      | Bought the +2 shield of Resistance {rF++ rC++ Will++} for
                  | 713 gold pieces
 11391 | D:1      | Found the +2 shield of Resistance {rF++ rC++ Will++}
 11736 | D:11     | Found Tifi's Distillery.
 12370 | D:12     | Noticed a centaur warrior
 12378 | D:12     | Killed a centaur warrior
 12379 | D:12     | Reached skill level 9 in Shields
 12379 | D:12     | Reached skill level 10 in Unarmed Combat
 12433 | D:12     | Noticed Frances
 12448 | D:12     | Killed from afar by Frances

Vanquished Creatures
  A hydra (D:11)
  A centaur warrior (D:12)
  A two-headed ogre (D:8)
  Sonja (D:10)
  Pikel (D:6)
  An ugly thing (D:11)
  2 cyclopes (D:11)
  Joseph (D:8)
  An unseen horror (D:9)
  A troll (D:11)
  Sigmund (D:3)
  A shadow (D:10)
  2 wyverns
  A vampire (D:10)
  7 yaks
  3 wraiths
  A basilisk (D:9)
  2 acid dragons
  2 water moccasins
  3 orc warriors
  2 ice beasts
  2 sky beasts
  2 black bears (D:8)
  An ogre (D:5)
  4 centaurs (D:12)
  2 kobold brigands
  2 lemures (D:6)
  4 bullfrogs
  A necrophage (D:8)
  6 scorpions
  9 wights (D:8)
  11 killer bees
  A howler monkey (D:6)
  3 jellies (D:6)
  2 orc priests
  5 hounds
  Ijyb (D:4)
  7 iguanas
  18 orc wizards
  6 gnolls
  8 adders
  2 shadow imps
  3 white imps
  An ufetubus (D:7)
  A dart slug (D:7)
  A worm (D:4)
  31 orcs
  3 ball pythons
  9 endoplasms
  3 giant cockroaches
  7 goblins
  9 hobgoblins
  4 jackals
  21 kobolds
  9 quokkas
  7 bats
  A frilled lizard (D:2)
243 creatures vanquished.

Table legend:
 A = Non-vault XP
 B = Vault XP
 C = Vault XP percentage of total XP
 D = Non-vault monster count
 E = Vault monster count
 F = Vault count percentage of total count
                 A         B        C        D         E       F
            +---------+---------+-------+---------+---------+-------
      Total |   13059 |    3284 |  20.1 |     219 |      22 |   9.1
            +---------+---------+-------+---------+---------+-------
        D:1 |      30 |       0 |   0.0 |      17 |       0 |   0.0
        D:2 |      53 |       0 |   0.0 |      18 |       0 |   0.0
        D:3 |      63 |     228 |  78.4 |       7 |       2 |  22.2
        D:4 |     567 |     455 |  44.5 |      33 |      12 |  26.7
        D:5 |     284 |       0 |   0.0 |      10 |       0 |   0.0
        D:6 |     641 |     641 |  50.0 |      16 |       1 |   5.9
        D:7 |     885 |       4 |   0.4 |      34 |       1 |   2.9
        D:8 |    2571 |     991 |  27.8 |      33 |       4 |  10.8
        D:9 |     992 |     187 |  15.9 |      14 |       1 |   6.7
       D:10 |    1501 |     778 |  34.1 |      15 |       1 |   6.2
       D:11 |    4197 |       0 |   0.0 |      17 |       0 |   0.0
       D:12 |    1275 |       0 |   0.0 |       5 |       0 |   0.0
            +---------+---------+-------+---------+---------+-------

Illustrated notes

Table legend:
 A = Kills in this place as a percentage of kills in entire the game.
 B = Kills by you in this place as a percentage of kills by you in the entire game.
 C = Kills by friends in this place as a percentage of kills by friends in the entire game.
 D = Other kills in this place as a percentage of other kills in the entire game.
 E = Experience gained in this place as a percentage of experience gained in the entire game.
 F = Experience gained in this place divided by the number of levels of this place that you have seen.
                   A       B       C       D       E      F
               +-------+-------+-------+-------+-------+----------------------
         Total | 100.0 | 100.0 |   N/A |   N/A | 100.0 | 1257.2
       Dungeon | 100.0 | 100.0 |   N/A |   N/A | 100.0 | 1361.9
               +-------+-------+-------+-------+-------+----------------------

Table legend: (Time is in decaauts)
 A = Elapsed time spent in this place.
 B = Non-inter-level travel time spent in this place.
 C = Inter-level travel time spent in this place.
 D = Time resting spent in this place.
 E = Time spent auto-exploring this place.
 F = Levels seen in this place.
 G = Mean time per level.
                   A        B        C        D        E       F      G
               +--------+--------+--------+--------+--------+-----+--------+
         Total |  12486 |  11203 |   1283 |    620 |   8375 |  13 |  960.5 |
       Dungeon |  12302 |  11055 |   1247 |    620 |   8240 |  12 | 1025.2 |
        Temple |    183 |    148 |     35 |      0 |    135 |   1 |  183.0 |
               +--------+--------+--------+--------+--------+-----+--------+

Top non-repeatable levels by time:
     D:8: 1409 daAuts
    D:11: 1390 daAuts
     D:1: 1195 daAuts
     D:4: 1193 daAuts
     D:6: 1145 daAuts
     D:7: 1130 daAuts
     D:2: 1110 daAuts
     D:9: 1063 daAuts
     D:3: 1046 daAuts
    D:10: 911 daAuts
     D:5: 592 daAuts
  Temple: 183 daAuts
    D:12: 112 daAuts
